ORI
UNIVERSITY OF FLORIDA GATORS @ UNIVERSITY OF GEORGIA BULLDOGS
12/05/2044
 
TOP OF THE 1ST
University of Florida Gators batting - Pitching for University of Georgia Bulldogs : RHP Jon Trujillo
Pitching: RHP Jon Trujillo
Batting: SHB Sun-wei Ng 0-0: Foul Ball, location: 2F
0-1: Ball
1-1: Ball
2-1: Fly out, F8 (Flyball, 8RXD, EV 88.1 MPH)
Batting: RHB Tim Dower 0-0: Called Strike
0-1: Reached on error, E3 (Groundball, 34, EV 105.0 MPH)
Batting: LHB Andy Buschlen 0-0: Called Strike
Tim Dower steals 2nd base
0-1: Swinging Strike
0-2: Ball
Passed Ball!
Tim Dower to third
1-2: Foul Ball, location: 2F
1-2: Foul Ball, location: 2F
1-2: Strikes out swinging
Batting: RHB Amare Brown 0-0: Called Strike
0-1: Swinging Strike
0-2: Ball
1-2: Strikes out swinging
Top of the 1st over - 0 runs, 0 hits, 1 error, 1 left on base; University of Florida 0 - University of Georgia 0
BOTTOM OF THE 1ST
University of Georgia Bulldogs batting - Pitching for University of Florida Gators : RHP Cesar Jimenez
Pitching: RHP Cesar Jimenez
Batting: SHB Javy Franco 0-0: Ball
1-0: Ball
2-0: Ball
3-0: Called Strike
3-1: Foul Ball, location: 2F
3-2: Base on Balls
Batting: LHB Antonio Razo 0-0: Fielders Choice at 2nd, 1-4 (Groundball, 15S, EV 64.4 MPH)
Batting: LHB Justin Daley 0-0: Fly out, F8 (Flyball, 8RS, EV 83.1 MPH)
Batting: RHB Terry Oetker 0-0: Ball
Antonio Razo steals 2nd base
1-0: Ball
Wild Pitch!
Antonio Razo to third
2-0: Called Strike
2-1: Ball
3-1: Base on Balls
Batting: LHB Jesus Huante 0-0: Foul Ball, location: 2F
0-1: Fly out, F8 (Line Drive, 8LD, EV 89.4 MPH)
Bottom of the 1st over - 0 runs, 0 hits, 0 errors, 2 left on base; University of Florida 0 - University of Georgia 0
TOP OF THE 2ND
University of Florida Gators batting - Pitching for University of Georgia Bulldogs : RHP Jon Trujillo
Batting: RHB Jorge Lagunas 0-0: Called Strike
0-1: Foul Ball, location: 2F
0-2: Ground out 4-3 (Groundball, 4, EV 84.4 MPH)
Batting: RHB Ryan Jennings 0-0: Ball
1-0: Called Strike
1-1: Ball
2-1: Ball
3-1: Swinging Strike
3-2: Foul Ball, location: 2F
3-2: Strikes out looking
Batting: RHB Eddie Luna 0-0: Ball
1-0: Ball
2-0: Fly out, F6 (Line Drive, 6, EV 71.9 MPH)
Top of the 2nd over - 0 runs, 0 hits, 0 errors, 0 left on base; University of Florida 0 - University of Georgia 0
BOTTOM OF THE 2ND
University of Georgia Bulldogs batting - Pitching for University of Florida Gators : RHP Cesar Jimenez
Batting: RHB Armando Ramirez 0-0: Called Strike
0-1: Called Strike
0-2: Ground out 5-3 (Groundball, 56, EV 83.8 MPH)
Batting: RHB Jose Garibay 0-0: Ball
1-0: DOUBLE (Line Drive, 9LM, EV 90.0 MPH)
Batting: LHB Mitsujiro Tanaka 0-0: Called Strike
0-1: Swinging Strike
0-2: Ball
1-2: Ground out U3 (Groundball, 3, EV 83.8 MPH)
Jose Garibay to third
Batting: RHB Rip Log 0-0: Called Strike
0-1: Foul Ball, location: 2F
0-2: Fly out, F9 (Flyball, 9LM, EV 98.8 MPH)
Bottom of the 2nd over - 0 runs, 1 hit, 0 errors, 1 left on base; University of Florida 0 - University of Georgia 0
TOP OF THE 3RD
University of Florida Gators batting - Pitching for University of Georgia Bulldogs : RHP Jon Trujillo
Batting: SHB Milt Andrews 0-0: Called Strike
0-1: Called Strike
0-2: SINGLE (Line Drive, 8RM, EV 106.9 MPH)
Batting: RHB Troy Bush 0-0: Ball
1-0: Fly out, F7 (Flyball, 78D, EV 96.9 MPH)
Batting: SHB Sun-wei Ng 0-0: Ball
Milt Andrews is caught stealing 2nd base 2-6
1-0: Ball
2-0: Called Strike
2-1: Foul Ball, location: 2F
2-2: Foul Ball, location: 2F
2-2: Strikes out swinging
Top of the 3rd over - 0 runs, 1 hit, 0 errors, 0 left on base; University of Florida 0 - University of Georgia 0
BOTTOM OF THE 3RD
University of Georgia Bulldogs batting - Pitching for University of Florida Gators : RHP Cesar Jimenez
Batting: SHB Javy Franco 0-0: Called Strike
0-1: Ball
1-1: Called Strike
1-2: Strikes out swinging
Batting: LHB Antonio Razo 0-0: Ball
1-0: Ball
2-0: SINGLE (Groundball, 6MD, EV 93.8 MPH)
Batting: LHB Justin Daley 0-0: Called Strike
0-1: Called Strike
0-2: 2-RUN HOME RUN (Line Drive, 9D, EV 95.6 MPH), Distance : 378 ft
Batting: RHB Terry Oetker 0-0: SINGLE (Line Drive, 78S, EV 96.2 MPH)
Batting: LHB Jesus Huante 0-0: Ball
1-0: Called Strike
1-1: Ball
2-1: Swinging Strike
2-2: Ball
3-2: Grounds into double play, 6-4-3 (Groundball, 6, EV 80.0 MPH)
Bottom of the 3rd over - 2 runs, 3 hits, 0 errors, 0 left on base; University of Florida 0 - University of Georgia 2
TOP OF THE 4TH
University of Florida Gators batting - Pitching for University of Georgia Bulldogs : RHP Jon Trujillo
Batting: RHB Tim Dower 0-0: Ball
1-0: Foul Ball, location: 2F
1-1: Ball
2-1: Swinging Strike
2-2: Ground out 4-3 (Groundball, 4S, EV 71.2 MPH)
Batting: LHB Andy Buschlen 0-0: Called Strike
0-1: DOUBLE (Groundball, 5L, EV 93.8 MPH)
Batting: RHB Amare Brown 0-0: Fly out, F7 (Flyball, 78D, EV 95.6 MPH)
Batting: RHB Jorge Lagunas 0-0: Foul Ball, location: 2F
0-1: Called Strike
0-2: Strikes out swinging
Top of the 4th over - 0 runs, 1 hit, 0 errors, 1 left on base; University of Florida 0 - University of Georgia 2
BOTTOM OF THE 4TH
University of Georgia Bulldogs batting - Pitching for University of Florida Gators : RHP Cesar Jimenez
Batting: RHB Armando Ramirez 0-0: Ball
1-0: Ball
2-0: Ground out U3 (Groundball, 3, EV 76.9 MPH)
Batting: RHB Jose Garibay 0-0: Foul Ball, location: 2F
0-1: Ball
1-1: Ball
2-1: SINGLE (Groundball, 56D, EV 102.5 MPH)
Batting: LHB Mitsujiro Tanaka 0-0: Ball
1-0: Ball
2-0: Fly out, F8 (Flyball, 8LD, EV 100.6 MPH)
Batting: RHB Rip Log 0-0: Called Strike
0-1: Ball
1-1: Called Strike
1-2: Ground out 4-3 (Groundball, 34, EV 101.2 MPH)
Bottom of the 4th over - 0 runs, 1 hit, 0 errors, 1 left on base; University of Florida 0 - University of Georgia 2
TOP OF THE 5TH
University of Florida Gators batting - Pitching for University of Georgia Bulldogs : RHP Jon Trujillo
Batting: RHB Ryan Jennings 0-0: Ball
1-0: Ground out 6-3 (Groundball, P, EV 83.8 MPH)
Batting: RHB Eddie Luna 0-0: Ball
1-0: Ground out 1-3 (Groundball, 15S, EV 60.6 MPH)
Batting: SHB Milt Andrews 0-0: Ball
1-0: SINGLE (Groundball, 56D, EV 101.2 MPH)
Batting: RHB Troy Bush 0-0: Foul Ball, location: 2F
0-1: Fly out, F4 (Popup, 34, EV 53.8 MPH)
Top of the 5th over - 0 runs, 1 hit, 0 errors, 1 left on base; University of Florida 0 - University of Georgia 2
BOTTOM OF THE 5TH
University of Georgia Bulldogs batting - Pitching for University of Florida Gators : RHP Cesar Jimenez
Batting: SHB Javy Franco 0-0: Ball
1-0: Ball
2-0: Fly out, F9 (Line Drive, 9, EV 96.2 MPH)
Batting: LHB Antonio Razo 0-0: Swinging Strike
0-1: Fly out, F2 (Popup, 23F, EV 85.0 MPH)
Batting: LHB Justin Daley 0-0: Ball
1-0: Ball
2-0: Ground out 4-3 (Groundball, 4, EV 93.8 MPH)
Bottom of the 5th over - 0 runs, 0 hits, 0 errors, 0 left on base; University of Florida 0 - University of Georgia 2
TOP OF THE 6TH
University of Florida Gators batting - Pitching for University of Georgia Bulldogs : RHP Jon Trujillo
Batting: SHB Sun-wei Ng 0-0: Ball
1-0: TRIPLE (Flyball, 8LXD, EV 87.5 MPH)
Batting: RHB Tim Dower 0-0: Ball
1-0: Fly out, F9 (Flyball, 9LM, EV 100.0 MPH)
Runner from 3rd tags up, SCORES, throw by RF
Batting: LHB Andy Buschlen 0-0: Ball
1-0: Foul Ball, location: 2F
1-1: Ball
2-1: Called Strike
2-2: Foul Ball, location: 2F
2-2: Foul Ball, location: 2F
2-2: Foul Ball, location: 2F
2-2: Foul Ball, location: 2F
2-2: Ball
3-2: SINGLE (Flyball, 78S, EV 96.2 MPH)
Batting: RHB Amare Brown 0-0: Ball
Andy Buschlen is caught stealing 2nd base 2-4
1-0: Ball
2-0: Ball
3-0: Base on Balls
Pitching: RHP Matt Schmidt
Batting: RHB Joselito Santos 0-0: Ball
1-0: Ball
2-0: Ball
3-0: Called Strike
3-1: Base on Balls
Amare Brown to second
Batting: RHB Ryan Jennings 0-0: Ball
1-0: Swinging Strike
1-1: Ball
2-1: Ball
3-1: Base on Balls
Amare Brown to third
Joselito Santos to second
Batting: RHB Eddie Luna 0-0: SINGLE (Line Drive, 89S, EV 105.6 MPH)
Amare Brown scores
Joselito Santos to third
Ryan Jennings to second
Runner from 3rd tries for Home, throw by RF and OUT! 9-2
Top of the 6th over - 2 runs, 3 hits, 0 errors, 2 left on base; University of Florida 2 - University of Georgia 2
BOTTOM OF THE 6TH
University of Georgia Bulldogs batting - Pitching for University of Florida Gators : RHP Cesar Jimenez
Batting: RHB Terry Oetker 0-0: Ball
1-0: Fly out, F4 (Line Drive, 4, EV 65.6 MPH)
Batting: LHB Jesus Huante 0-0: Called Strike
0-1: Foul Ball, location: 2F
0-2: Ball
1-2: Ball
2-2: SINGLE (Groundball, 56S, EV 70.0 MPH) (infield hit)
Batting: RHB Armando Ramirez 0-0: Foul Ball, location: 2F
0-1: Foul Ball, location: 2F
0-2: Foul Ball, location: 2F
0-2: Reached on error, E6 (Groundball, 6M, EV 102.5 MPH)
Jesus Huante to second
Pitching: RHP Adam Dennis
Batting: RHB Jose Garibay 0-0: Ball
1-0: Foul Ball, location: 2F
1-1: Fielders Choice at 2nd, 6-4 (Groundball, 56, EV 90.6 MPH)
Jesus Huante to third
Batting: LHB Mitsujiro Tanaka 0-0: Ball
1-0: Foul Ball, location: 2F
1-1: Ball
2-1: Foul Ball, location: 2F
2-2: Ball
3-2: Foul Ball, location: 2F
3-2: Foul Ball, location: 2F
3-2: SINGLE (Groundball, 56D, EV 103.8 MPH)
Jesus Huante scores
Jose Garibay to second
Jose Garibay to third
Batting: RHB Rip Log 0-0: Ball
1-0: Ball
2-0: Called Strike
2-1: Swinging Strike
2-2: Foul Ball, location: 2F
2-2: Ball
3-2: Strikes out looking
Bottom of the 6th over - 1 run, 2 hits, 1 error, 2 left on base; University of Florida 2 - University of Georgia 3
TOP OF THE 7TH
University of Florida Gators batting - Pitching for University of Georgia Bulldogs : RHP Matt Schmidt
Pitching: RHP Trevor Woodbury
Batting: SHB Milt Andrews 0-0: Fly out, F7 (Flyball, 7LM, EV 98.1 MPH)
Pinch Hitting: RHB Alejandro Gomez 0-0: Ball
1-0: Foul Ball, location: 2F
1-1: Ball
2-1: Called Strike
2-2: Ball
3-2: Strikes out looking
Batting: SHB Sun-wei Ng 0-0: Ball
1-0: Foul Ball, location: 2F
1-1: Called Strike
1-2: Strikes out swinging
Top of the 7th over - 0 runs, 0 hits, 0 errors, 0 left on base; University of Florida 2 - University of Georgia 3
BOTTOM OF THE 7TH
University of Georgia Bulldogs batting - Pitching for University of Florida Gators : RHP Adam Dennis
Now at 1B: Alejandro Gomez
Batting: SHB Javy Franco 0-0: Called Strike
0-1: Foul Ball, location: 2F
0-2: Ball
1-2: Foul Ball, location: 2F
1-2: Ball
2-2: Ball
3-2: Base on Balls
Batting: LHB Antonio Razo 0-0: Ball
1-0: Called Strike
1-1: Ball
2-1: Swinging Strike
2-2: Strikes out swinging
Batting: LHB Justin Daley 0-0: Ball
1-0: Called Strike
Javy Franco steals 2nd base
1-1: Intentional Walk
Batting: RHB Minoru Matsumoto 0-0: Ball
1-0: Swinging Strike
1-1: Called Strike
1-2: Ball
2-2: Foul Ball, location: 2F
2-2: Fielders Choice at 2nd, 5-4 (Groundball, 56, EV 88.1 MPH)
Javy Franco to third
Batting: LHB Jesus Huante 0-0: Fielders Choice at 2nd, 5-4 (Groundball, 56, EV 85.0 MPH)
Bottom of the 7th over - 0 runs, 0 hits, 0 errors, 2 left on base; University of Florida 2 - University of Georgia 3
TOP OF THE 8TH
University of Florida Gators batting - Pitching for University of Georgia Bulldogs : RHP Trevor Woodbury
Pitching: RHP David Alferez
Batting: RHB Tim Dower 0-0: Foul Ball, location: 2F
0-1: Swinging Strike
0-2: Foul Ball, location: 2F
0-2: Foul Ball, location: 2F
0-2: DOUBLE (Line Drive, 8RD, EV 101.2 MPH)
Batting: LHB Andy Buschlen 0-0: Ball
1-0: Swinging Strike
1-1: Foul Ball, location: 2F
1-2: Fly out, F5 (Popup, 25F, EV 85.0 MPH)
Batting: RHB Amare Brown 0-0: Ball
1-0: Called Strike
1-1: Foul Ball, location: 2F
1-2: Foul Ball, location: 2F
1-2: Ball
2-2: Strikes out swinging
Batting: LHB Tomas Espino 0-0: Called Strike
0-1: Foul Ball, location: 2F
0-2: Strikes out swinging
Top of the 8th over - 0 runs, 1 hit, 0 errors, 1 left on base; University of Florida 2 - University of Georgia 3
BOTTOM OF THE 8TH
University of Georgia Bulldogs batting - Pitching for University of Florida Gators : RHP Adam Dennis
Pitching: RHP David Oviedo
Batting: RHB Armando Ramirez 0-0: Fly out, F7 (Line Drive, 7, EV 88.8 MPH)
Batting: RHB Jose Garibay 0-0: Ball
1-0: Ball
2-0: SINGLE (Groundball, 4MD, EV 106.2 MPH)
Batting: LHB Mitsujiro Tanaka 0-0: Ball
1-0: Called Strike
1-1: Foul Ball, location: 2F
1-2: Grounds into double play, 3-6-3 (Groundball, 3, EV 108.1 MPH)
Bottom of the 8th over - 0 runs, 1 hit, 0 errors, 0 left on base; University of Florida 2 - University of Georgia 3
TOP OF THE 9TH
University of Florida Gators batting - Pitching for University of Georgia Bulldogs : RHP David Alferez
Pitching: RHP Moises Baez
Now at C: Javy Franco
Now at 1B: Jesus Huante
Now at 2B: Patrick Pinault
Now in CF: Iestyn Peacock
Now in RF: Antonio Razo
Pinch Hitting: RHB Seth Oliphant 0-0: Called Strike
0-1: Called Strike
0-2: Ball
1-2: Ball
2-2: Foul Ball, location: 2F
2-2: Strikes out swinging
Pinch Hitting: SHB Rich Hood 0-0: Swinging Strike
0-1: Called Strike
0-2: Strikes out looking
Pinch Hitting: RHB Martin Dudley 0-0: Ball
1-0: Ball
2-0: Ball
3-0: Called Strike
3-1: Swinging Strike
3-2: Strikes out swinging, 2-3 out at first.
Top of the 9th over - 0 runs, 0 hits, 0 errors, 0 left on base; University of Florida 2 - University of Georgia 3
Thursday, March 31st , 2022 - OOTP Baseball 22.12 Build 89